BSA
NEW ORLEANS LOOTERS @ BIRMINGHAM STEELDOGS
08/03/2024
 
TOP OF THE 1ST
New Orleans Looters batting - Pitching for Birmingham Steeldogs : LHP Loren Day
Pitching: LHP Loren Day
Batting: RHB Francisco Ibarra 0-0: Ball
1-0: Called Strike
1-1: Ball
2-1: Ground out 5-3 (Groundball, 56)
Batting: RHB Dave O'Loan 0-0: Ball
1-0: Called Strike
1-1: Fly out, F9 (Flyball, 89M)
Batting: RHB Stephen Shaw 0-0: Ball
1-0: Foul Ball, location: 2F
1-1: Foul Ball, location: 2F
1-2: Ball
2-2: Foul Ball, location: 2F
2-2: Foul Ball, location: 2F
2-2: Foul Ball, location: 2F
2-2: Ground out 1-3 (Groundball, 13)
Top of the 1st over - 0 run(s), 0 hit(s), 0 error(s), 0 left on base; New Orleans 0 - Birmingham 0
BOTTOM OF THE 1ST
Birmingham Steeldogs batting - Pitching for New Orleans Looters : RHP Anthony O'Connor
Pitching: RHP Anthony O'Connor
Batting: LHB Glenn Garrett 0-0: Ball
1-0: Foul Ball, location: 2F
1-1: Ball
2-1: Fly out, F8 (Flyball, 8LM)
Batting: LHB Mitchell Oglethorpe 0-0: Ball
1-0: Called Strike
1-1: Ball
2-1: Foul Ball, location: 2F
2-2: Ball
3-2: Base on Balls
Batting: LHB Chris Miller 0-0: Ball
1-0: Foul Ball, location: 2F
1-1: DOUBLE (Line Drive, 89S)
Mitchell Oglethorpe to third
Batting: SHB Jesús Ramírez 0-0: Ball
1-0: Foul Ball, location: 2F
1-1: Ground out 1-3 (Groundball, 25)
Batting: RHB Mario Hernández 0-0: Ball
1-0: Swinging Strike
1-1: Swinging Strike
1-2: Ball
2-2: Ball
3-2: Strikes out swinging
Bottom of the 1st over - 0 run(s), 1 hit(s), 0 error(s), 2 left on base; New Orleans 0 - Birmingham 0
TOP OF THE 2ND
New Orleans Looters batting - Pitching for Birmingham Steeldogs : LHP Loren Day
Batting: SHB Oliver Deleón 0-0: Ball
1-0: Fly out, F8 (Flyball, 8RM)
Batting: RHB Jimmy Simon 0-0: Ball
1-0: Ball
2-0: Foul Ball, location: 2F
2-1: Called Strike
2-2: Fly out, F7 (Line Drive, 7D)
Batting: RHB Dominic Turner 0-0: Ball
1-0: Ball
2-0: Fly out, F2 (Popup, 2LF)
Top of the 2nd over - 0 run(s), 0 hit(s), 0 error(s), 0 left on base; New Orleans 0 - Birmingham 0
BOTTOM OF THE 2ND
Birmingham Steeldogs batting - Pitching for New Orleans Looters : RHP Anthony O'Connor
Batting: LHB Ben Kelley 0-0: Ball
1-0: Ball
2-0: Called Strike
2-1: Called Strike
2-2: Foul Ball, location: 2F
2-2: Ball
3-2: Base on Balls
Batting: RHB Valentín Borges 0-0: Called Strike
0-1: Ball
1-1: Called Strike
1-2: Strikes out swinging
Batting: RHB Paço Ttes 0-0: Foul Ball, location: 2F
0-1: Hit by Pitch
Ben Kelley to second
Batting: RHB Nick Webb 0-0: Called Strike
0-1: Foul Ball, location: 2F
0-2: Ball
1-2: Foul Ball, location: 2F
1-2: Ball
2-2: Fly out, F8 (Flyball, 8LM)
Batting: LHB Glenn Garrett 0-0: Ball
1-0: Ball
2-0: Ball
3-0: Base on Balls
Ben Kelley to third
Paço Ttes to second
Batting: LHB Mitchell Oglethorpe 0-0: Ball
1-0: Called Strike
1-1: Ball
2-1: Fly out, F8 (Line Drive, 8RM)
Bottom of the 2nd over - 0 run(s), 0 hit(s), 0 error(s), 3 left on base; New Orleans 0 - Birmingham 0
TOP OF THE 3RD
New Orleans Looters batting - Pitching for Birmingham Steeldogs : LHP Loren Day
Batting: RHB Diego Rivera 0-0: Called Strike
0-1: Called Strike
0-2: Ball
1-2: Strikes out swinging
Batting: LHB José Esparza 0-0: Called Strike
0-1: Fly out, F9 (Flyball, 89M)
Batting: RHB António Yánez 0-0: Ball
1-0: Foul Ball, location: 2F
1-1: Ball
2-1: Swinging Strike
2-2: SINGLE (Groundball, 5L)
Batting: RHB Francisco Ibarra 0-0: Swinging Strike
0-1: Ball
1-1: Ball
2-1: Swinging Strike
2-2: Strikes out swinging
Top of the 3rd over - 0 run(s), 1 hit(s), 0 error(s), 1 left on base; New Orleans 0 - Birmingham 0
BOTTOM OF THE 3RD
Birmingham Steeldogs batting - Pitching for New Orleans Looters : RHP Anthony O'Connor
Batting: LHB Chris Miller 0-0: Ball
1-0: Foul Ball, location: 2F
1-1: SOLO HOME RUN (Flyball, 9D), Distance : 390 ft
Batting: SHB Jesús Ramírez 0-0: Ball
1-0: Foul Ball, location: 2F
1-1: Called Strike
1-2: Foul Ball, location: 2F
1-2: Ball
2-2: Strikes out swinging
Batting: RHB Mario Hernández 0-0: Ball
1-0: Ball
2-0: Ball
3-0: Called Strike
3-1: Called Strike
3-2: DOUBLE (Line Drive, 7LD)
Batting: LHB Ben Kelley 0-0: Reached on error, E5 (Groundball, 56)
Mario Hernández to third
Batting: RHB Valentín Borges 0-0: Ball
1-0: Foul Ball, location: 2F
1-1: Called Strike
1-2: Grounds into double play, 4-6-3 (Groundball, 4)
Bottom of the 3rd over - 1 run(s), 2 hit(s), 1 error(s), 1 left on base; New Orleans 0 - Birmingham 1
TOP OF THE 4TH
New Orleans Looters batting - Pitching for Birmingham Steeldogs : LHP Loren Day
Batting: RHB Dave O'Loan 0-0: Ball
1-0: Fly out, F5 (Line Drive, 5)
Batting: RHB Stephen Shaw 0-0: Called Strike
0-1: Ball
1-1: Ball
2-1: Ball
3-1: Foul Ball, location: 2F
3-2: Base on Balls
Batting: SHB Oliver Deleón 0-0: Fly out, F4 (Popup, 4M)
Batting: RHB Jimmy Simon 0-0: Ball
1-0: Fly out, F8 (Line Drive, 8LXD)
Top of the 4th over - 0 run(s), 0 hit(s), 0 error(s), 1 left on base; New Orleans 0 - Birmingham 1
BOTTOM OF THE 4TH
Birmingham Steeldogs batting - Pitching for New Orleans Looters : RHP Anthony O'Connor
Batting: RHB Paço Ttes 0-0: Swinging Strike
0-1: Called Strike
0-2: Foul Ball, location: 2F
0-2: Foul Ball, location: 2F
0-2: Ball
1-2: Foul Ball, location: 2F
1-2: Ball
2-2: Fly out, F3 (Popup, 4)
Batting: RHB Nick Webb 0-0: Called Strike
0-1: Ball
1-1: Swinging Strike
1-2: Ball
2-2: Foul Ball, location: 2F
2-2: Foul Ball, location: 2F
2-2: Strikes out swinging
Batting: LHB Glenn Garrett 0-0: Ball
1-0: Ball
2-0: Called Strike
2-1: Ball
3-1: Base on Balls
Pitching: RHP Armando Félix
Batting: LHB Mitchell Oglethorpe 0-0: Ball
1-0: Ball
Wild Pitch!
Glenn Garrett to second
2-0: Foul Ball, location: 2F
2-1: Swinging Strike
2-2: SINGLE (Flyball, 9LS)
Glenn Garrett to third
Runner from 3rd tries for Home, SAFE, no throw or cutoff
Batting: LHB Chris Miller 0-0: Foul Ball, location: 2F
0-1: Fielders Choice at 2nd, U6 (Groundball, 6M)
Bottom of the 4th over - 1 run(s), 1 hit(s), 0 error(s), 1 left on base; New Orleans 0 - Birmingham 2
TOP OF THE 5TH
New Orleans Looters batting - Pitching for Birmingham Steeldogs : LHP Loren Day
Batting: RHB Dominic Turner 0-0: Called Strike
0-1: Ball
1-1: Called Strike
1-2: Ball
2-2: Ground out 5-3 (Groundball, 5S)
Batting: RHB Diego Rivera 0-0: Ball
1-0: Ball
2-0: Fly out, F5 (Popup, 5SF)
Batting: LHB José Esparza 0-0: Ball
1-0: Called Strike
1-1: Ball
2-1: Ground out 3-1 (Groundball, 34)
Top of the 5th over - 0 run(s), 0 hit(s), 0 error(s), 0 left on base; New Orleans 0 - Birmingham 2
BOTTOM OF THE 5TH
Birmingham Steeldogs batting - Pitching for New Orleans Looters : RHP Armando Félix
Batting: SHB Jesús Ramírez 0-0: Foul Ball, location: 2F
0-1: SINGLE (Groundball, 15) (infield hit)
Pitching: RHP Ienobu Sato
Batting: RHB Mario Hernández 0-0: Ball
1-0: Ball
2-0: Ball
3-0: Called Strike
3-1: Ground out 4-3 (Groundball, 4M)
Jesús Ramírez to second
Batting: LHB Ben Kelley 0-0: Ball
1-0: Foul Ball, location: 2F
1-1: Foul Ball, location: 2F
1-2: Foul Ball, location: 2F
1-2: Ground out 6-3 (Groundball, 6)
Batting: RHB Valentín Borges 0-0: Ball
1-0: Ground out 4-3 (Groundball, 4M)
Bottom of the 5th over - 0 run(s), 1 hit(s), 0 error(s), 1 left on base; New Orleans 0 - Birmingham 2
TOP OF THE 6TH
New Orleans Looters batting - Pitching for Birmingham Steeldogs : LHP Loren Day
Batting: RHB António Yánez 0-0: Ball
1-0: Swinging Strike
1-1: Foul Ball, location: 2F
1-2: Strikes out swinging
Batting: RHB Francisco Ibarra 0-0: Called Strike
0-1: SOLO HOME RUN (Flyball, 7D), Distance : 388 ft
Batting: RHB Dave O'Loan 0-0: Ball
1-0: Ball
2-0: Foul Ball, location: 2F
2-1: SINGLE (Line Drive, 56D)
Batting: RHB Stephen Shaw 0-0: DOUBLE (Flyball, 78XD)
Dave O'Loan to third
Batting: SHB Oliver Deleón 0-0: Fly out, F4 (Line Drive, 4)
0-0: Fly out, F4 (Line Drive, 4)
Batting: RHB Jimmy Simon 0-0: Ball
1-0: Fly out, F8 (Flyball, 8LM)
Top of the 6th over - 1 run(s), 3 hit(s), 0 error(s), 2 left on base; New Orleans 1 - Birmingham 2
BOTTOM OF THE 6TH
Birmingham Steeldogs batting - Pitching for New Orleans Looters : RHP Ienobu Sato
Batting: RHB Paço Ttes 0-0: Ball
1-0: Called Strike
1-1: Ball
2-1: Swinging Strike
2-2: Foul Ball, location: 2F
2-2: Strikes out swinging
Batting: RHB Nick Webb 0-0: Ball
1-0: Foul Ball, location: 2F
1-1: Ball
2-1: Called Strike
2-2: Strikes out swinging
Batting: LHB Glenn Garrett 0-0: Called Strike
0-1: Ground out 6-3 (Groundball, 6)
Bottom of the 6th over - 0 run(s), 0 hit(s), 0 error(s), 0 left on base; New Orleans 1 - Birmingham 2
TOP OF THE 7TH
New Orleans Looters batting - Pitching for Birmingham Steeldogs : LHP Loren Day
Batting: RHB Dominic Turner 0-0: Called Strike
0-1: Swinging Strike
0-2: Strikes out looking
Batting: RHB Diego Rivera 0-0: Called Strike
0-1: SOLO HOME RUN (Line Drive, 9LD), Distance : 361 ft
Batting: LHB José Esparza 0-0: Called Strike
0-1: Swinging Strike
0-2: Strikes out looking
Pinch Hitting: SHB Toshinobu Tanaka 0-0: Ball
1-0: Ground out U3 (Groundball, 3S)
Top of the 7th over - 1 run(s), 1 hit(s), 0 error(s), 0 left on base; New Orleans 2 - Birmingham 2
BOTTOM OF THE 7TH
Birmingham Steeldogs batting - Pitching for New Orleans Looters : RHP Ienobu Sato
Pitching: RHP Keith Harper
Now at 3B: Miguel Castillo
Batting: LHB Mitchell Oglethorpe 0-0: Ground out U3 (Groundball, 3L)
Batting: LHB Chris Miller 0-0: Ball
1-0: Called Strike
1-1: Fly out, F7 (Flyball, 7S)
Batting: SHB Jesús Ramírez 0-0: Ball
1-0: Ball
2-0: Ball
3-0: Foul Ball, location: 2F
3-1: Foul Ball, location: 2F
3-2: Base on Balls
Batting: RHB Mario Hernández 0-0: Called Strike
0-1: Ball
1-1: Ball
2-1: Ball
3-1: Base on Balls
Jesús Ramírez to second
Batting: LHB Ben Kelley 0-0: Ball
1-0: Foul Ball, location: 2F
1-1: Ball
2-1: Swinging Strike
2-2: Foul Ball, location: 2F
2-2: Foul Ball, location: 2F
2-2: DOUBLE (Flyball, 89D)
Jesús Ramírez scores
Mario Hernández to third
Batting: RHB Valentín Borges 0-0: Ball
1-0: Called Strike
1-1: Called Strike
1-2: Ball
2-2: Ball
3-2: Strikes out swinging
Bottom of the 7th over - 1 run(s), 1 hit(s), 0 error(s), 2 left on base; New Orleans 2 - Birmingham 3
TOP OF THE 8TH
New Orleans Looters batting - Pitching for Birmingham Steeldogs : LHP Loren Day
Pitching: RHP David Simpson
Batting: RHB Francisco Ibarra 0-0: Swinging Strike
0-1: Foul Ball, location: 2F
0-2: Ball
1-2: Ball
2-2: Ball
3-2: Ground out 5-3 (Groundball, 5L)
Batting: RHB Dave O'Loan 0-0: Swinging Strike
0-1: Foul Ball, location: 2F
0-2: Foul Ball, location: 2F
0-2: Ball
1-2: Strikes out swinging
Batting: RHB Stephen Shaw 0-0: Called Strike
0-1: Ball
1-1: Called Strike
1-2: Strikes out swinging
Top of the 8th over - 0 run(s), 0 hit(s), 0 error(s), 0 left on base; New Orleans 2 - Birmingham 3
BOTTOM OF THE 8TH
Birmingham Steeldogs batting - Pitching for New Orleans Looters : RHP Keith Harper
Batting: RHB Paço Ttes 0-0: Foul Ball, location: 2F
0-1: Ball
1-1: Ball
2-1: SINGLE (Line Drive, 56)
Batting: RHB Nick Webb 0-0: Ball
1-0: Bunted foul
1-1: Bunted foul
1-2: Ground out U3 (Groundball, 3L)
Paço Ttes to second
Batting: LHB Glenn Garrett 0-0: Ball
1-0: Swinging Strike
1-1: Foul Ball, location: 2F
1-2: Foul Ball, location: 2F
1-2: DOUBLE (Flyball, 89XD)
Paço Ttes scores
Pitching: LHP Tadao Yoshida
Batting: LHB Mitchell Oglethorpe 0-0: Called Strike
0-1: Ball
1-1: Ball
2-1: Foul Ball, location: 2F
2-2: Ground out 6-3 (Groundball, 6)
Batting: LHB Chris Miller 0-0: Foul Ball, location: 2F
0-1: Called Strike
0-2: Ball
1-2: Strikes out swinging
Bottom of the 8th over - 1 run(s), 2 hit(s), 0 error(s), 1 left on base; New Orleans 2 - Birmingham 4
TOP OF THE 9TH
New Orleans Looters batting - Pitching for Birmingham Steeldogs : RHP David Simpson
Pitching: LHP Juan Fuentes
Batting: SHB Oliver Deleón 0-0: Ground out 5-3 (Groundball, 5)
Batting: RHB Jimmy Simon 0-0: Ball
1-0: Called Strike
1-1: Ball
2-1: Foul Ball, location: 2F
2-2: Ball
3-2: Strikes out swinging
Batting: RHB Dominic Turner 0-0: Called Strike
0-1: Ball
1-1: Foul Ball, location: 2F
1-2: Ball
2-2: Ground out 4-3 (Groundball, 4)
Top of the 9th over - 0 run(s), 0 hit(s), 0 error(s), 0 left on base; New Orleans 2 - Birmingham 4
This league is powered by Out of the Park Baseball, the baseball management simulation game for PC, Mac and Linux
Saturday, April 9th, 2016 - OOTP Baseball 16.8 Build 38